 Dungeon Crawl Stone Soup version 0.24.0-13-gcf9b319 (webtiles) character file.

Game seed: 13558333237172088706, levelgen mode: deterministic

282 CBukowski the Chopper (level 6, -1/56 HPs)
             Began as a Minotaur Berserker on Nov 11, 2019.
             Was a Believer of Trog.
             Slain by a gnoll
             ... wielding a +0 spear
              (3 damage)
             ... on level 3 of the Dungeon.
             The game lasted 00:08:54 (2319 turns).

CBukowski the Chopper (Minotaur Berserker)          Turns: 2319, Time: 00:08:54

Health: -1/56      AC:  7    Str: 23    XL:     6   Next: 6%
Magic:  5/5        EV: 12    Int:  4    God:    Trog [**....]
Gold:   123        SH:  0    Dex: 10    Spells: 5/5 levels left

rFire    . . .     SeeInvis .   a - +0 hand axe
rCold    . . .     Gourm    .   (no shield)
rNeg     . . .     Faith    .   j - +2 ring mail {rPois}
rPois    +         Spirit   .   (helmet restricted)
rElec    .         Reflect  .   (no cloak)
rCorr    .         Harm     .   (no gloves)
MR       .....                  (no boots)
Stlth    +.........             (no amulet)
HPRegen  0.18/turn              (no ring)
MPRegen  0.09/turn              (no ring)

@: no status effects
A: retaliatory headbutt, horns 2
a: Berserk, Trog's Hand, Renounce Religion


You were on level 3 of the Dungeon.
You worshipped Trog.
Trog was pleased with you.
You were not hungry.

You visited 1 branch of the dungeon, and saw 3 of its levels.

You collected 123 gold pieces.

Inventory:

Hand Weapons
 a - a +0 hand axe (weapon)
Armour
 b - a +0 animal skin
 j - a +2 ring mail of poison resistance (worn)
Jewellery
 m - a +2 amulet of reflection {unknown}
Scrolls
 g - a scroll of immolation
 h - a scroll of teleportation
 i - a scroll of amnesia {unknown}
 k - a scroll of enchant weapon {unknown}
Potions
 d - 2 potions of curing {unknown}
 e - a potion of mutation {unknown}
 f - a potion of flight {unknown}
 l - 2 potions of might {unknown}
 o - a potion of haste {unknown}
Comestibles
 c - 6 rations


   Skills:
 + Level 5.0 Fighting
 * Level 6.2 Axes
 + Level 3.6 Armour
 + Level 3.3 Dodging
 + Level 0.2 Stealth


You had 5 spell levels left.
You didn't know any spells.
Your spell library was empty.

Dungeon Overview and Level Annotations

Branches:
Dungeon (3/15)

Altars:
Elyvilon
Uskayaw
Zin

Annotations:
D:3 2 transporters, Seifer's ghost, amateur MfGl


Innate Abilities, Weirdness & Mutations

You reflexively headbutt those who attack you in melee.
You have a pair of horns on your head.


Message History

Your skin stops crawling.
You feel less resistant to hostile enchantments.
The gnoll closely misses you. The gnoll barely misses you.
You hit the gnoll. Your headbutt misses the gnoll.
The gnoll is severely wounded.
The gnoll closely misses you. x2
You barely miss the gnoll.
The gnoll is severely wounded.
The gnoll hits you from afar with a +0 spear.
* * * LOW HITPOINT WARNING * * *
The gnoll hits you with a +0 flail.
* * * LOW HITPOINT WARNING * * *
You hit the gnoll but do no damage. Your headbutt misses the gnoll.
The gnoll is severely wounded.
The gnoll barely misses you.
You hit the gnoll but do no damage.
The gnoll is severely wounded.
The gnoll closely misses you.
The gnoll hits you from afar with a +0 spear.
You die...

###
#######.###
#.# #.# #.#
#.# #.#
#.#########
#).).......
###@#######
#)gg# ###.#
#.# #.# #g#
#.# #g# #.#


You could see 2 gnolls.

Vanquished Creatures
  A gnoll sergeant (D:3)
  2 orc wizards (D:3)
  3 gnolls (D:3)
  5 adders
  2 oozes
  A worm (D:3)
  2 dart slugs (D:1)
  2 leopard geckos (D:2)
  9 orcs (D:3)
  A ball python (D:1)
  2 giant cockroaches (D:2)
  4 goblins
  7 hobgoblins
  8 jackals (D:2)
  8 bats
  4 frilled lizards
  7 kobolds
  11 rats
79 creatures vanquished.

Notes
Turn   | Place    | Note
-------+----------+-------------------------------------------
     0 | D:1      | CBukowski the Minotaur Berserker began the quest for the
                  | Orb.
     0 | D:1      | Reached XP level 1. HP: 19/19 MP: 0/0
   174 | D:1      | Reached XP level 2. HP: 7/27 MP: 1/1
   456 | D:1      | Reached skill level 4 in Axes
   726 | D:2      | Reached ** piety under Trog
   726 | D:2      | Reached XP level 3. HP: 29/33 MP: 2/2
  1059 | D:2      | Found a white marble altar of Elyvilon.
  1168 | D:2      | Reached XP level 4. HP: 39/40 MP: 3/3
  1511 | D:3      | Reached skill level 5 in Axes
  1531 | D:3      | Reached XP level 5. HP: 13/47 MP: 4/4
  1913 | D:3      | Found a hide-covered altar of Uskayaw.
  1966 | D:3      | Found a faded altar of an unknown god.
  2034 | D:3      | Found a transporter.
  2047 | D:3      | Identified the +5 great mace of Maitteum {drain, rF+
                  | Stlth+}
  2047 | D:3      | Noticed an ogre
  2047 | D:3      | Noticed Seifer's ghost (amateur MfGl)
  2048 | D:3      | Noticed an ogre
  2051 | D:3      | Found a transporter.
  2087 | D:3      | Found a glowing silver altar of Zin.
  2305 | D:3      | Reached skill level 5 in Fighting
  2305 | D:3      | Reached skill level 6 in Axes
  2305 | D:3      | Reached XP level 6. HP: 24/56 MP: 5/5
  2317 | D:3      | HP: 2/56 [gnoll/+0 flail (6)]
  2319 | D:3      | Slain by a gnoll

Levels and vault maps discovered:
D:1:      minmay_arrival_semitransparent, layout_basic
D:2:      layout_rooms, lemuel_crystal_altar, serial_forest,
          infiniplex_forest_clump_long, infiniplex_forest_straight_3,
          infiniplex_forest_lined_3, infiniplex_forest_clump_large,
          infiniplex_forest_straight_3, infiniplex_forest_end_3,
          infiniplex_forest_lined_corner, infiniplex_forest_lined_1,
          minmay_close_crescents
D:3:      layout_basic, lemuel_doored_altar, nicolae_overflow_crystal_walls,
          gammafunk_ghost_smash, chequers_ecumenical_altar_simple_redux,
          first_ration

Skill      XL: |  1  2  3  4  5 |
---------------+----------------+-----
Axes           | 4 5 6 |  6.2
Fighting       | 4 5 |  5.0
Dodging        | 3 |  3.3
Armour         | 3 |  3.6
Stealth        | |  0.2

Action                   |  1- 3 |  4- 6 || total
-------------------------+-------+-------++-------
Melee: Hand axe          |    59 |   123 ||   182
       Headbutt          |    10 |    29 ||    39
Invok: Trog's Hand       |       |     3 ||     3
  Use: Scroll            |       |     5 ||     5
  Eat: Chunk             |       |     4 ||     4
       Ration            |       |     1 ||     1
Armor: Animal skin       |    10 |     1 ||    11
       Ring mail         |       |    48 ||    48
Dodge: Dodged            |    46 |    77 ||   123
